3AAA
FLORIDA MEN @ HAMILTON COYOTES
07/19/2027
 
TOP OF THE 1ST
Florida Men batting - Pitching for Hamilton Coyotes : RHP Jim Unknown
Pitching: RHP Jim Unknown
Batting: RHB Pat Ings 0-0: Called Strike
0-1: Called Strike
0-2: Fly out, F9 (Flyball, 89S)
Batting: RHB Israel Sanders 0-0: Ground out 4-3 (Groundball, 4)
Batting: RHB Al Thomas 0-0: Ball
1-0: Called Strike
1-1: Ball
2-1: Ball
3-1: Fly out, F8 (Flyball, 8LD)
Top of the 1st over - 0 run(s), 0 hit(s), 0 error(s), 0 left on base; Florida 0 - Hamilton 0
BOTTOM OF THE 1ST
Hamilton Coyotes batting - Pitching for Florida Men : LHP Ray Neely
Pitching: LHP Ray Neely
Batting: RHB Alfredo Cardenas 0-0: Ball
1-0: SINGLE (Groundball, 56D)
Batting: RHB Vincente Fuentes 0-0: Ball
1-0: Called Strike
1-1: Ball
2-1: SINGLE (Groundball, 6MD)
Alfredo Cardenas to second
Runner from 2nd tries for 3rd, SAFE, throw made to third
Batting: SHB Martín Marrero 0-0: Ball
1-0: Called Strike
1-1: SINGLE (Flyball, 78S)
Alfredo Cardenas scores
Vincente Fuentes to second
Batting: LHB Ruben Yim 0-0: Called Strike
0-1: Swinging Strike
0-2: DOUBLE (Line Drive, 8RD)
Vincente Fuentes scores
Martín Marrero to third
Batting: LHB Tommy Sullivan 0-0: Called Strike
0-1: Foul Ball, location: 2F
0-2: Ball
1-2: Fly out, F9 (Flyball, 89D)
Runner from 3rd tags up, SCORES, no throw
Ruben Yim to third
Batting: LHB Manuel Sánchez 0-0: Called Strike
0-1: Swinging Strike
0-2: Strikes out swinging
Batting: RHB Jon Erickson 0-0: Swinging Strike
0-1: Foul Ball, location: 2F
0-2: Ball
1-2: Ball
2-2: Strikes out looking
Bottom of the 1st over - 3 run(s), 4 hit(s), 0 error(s), 1 left on base; Florida 0 - Hamilton 3
TOP OF THE 2ND
Florida Men batting - Pitching for Hamilton Coyotes : RHP Jim Unknown
Batting: LHB Bastyăo Lizardo 0-0: Ball
1-0: Fly out, F8 (Flyball, 8RD)
Batting: RHB Gilberto Patino 0-0: Ground out 5-3 (Groundball, 56)
Batting: RHB Lorenzo Díaz 0-0: Called Strike
0-1: Ground out 4-3 (Groundball, 4)
Top of the 2nd over - 0 run(s), 0 hit(s), 0 error(s), 0 left on base; Florida 0 - Hamilton 3
BOTTOM OF THE 2ND
Hamilton Coyotes batting - Pitching for Florida Men : LHP Ray Neely
Batting: RHB Henry Mann 0-0: Ball
1-0: Called Strike
1-1: Ground out 4-3 (Groundball, 34)
Batting: RHB Rodrigo Pagán 0-0: Ball
1-0: Called Strike
1-1: Swinging Strike
1-2: Foul Ball, location: 2F
1-2: Fly out, F9 (Flyball, 9)
Batting: RHB Alfredo Cardenas 0-0: Called Strike
0-1: Swinging Strike
0-2: Foul Ball, location: 2F
0-2: Ball
1-2: Ground out 6-3 (Groundball, 6S)
Bottom of the 2nd over - 0 run(s), 0 hit(s), 0 error(s), 0 left on base; Florida 0 - Hamilton 3
TOP OF THE 3RD
Florida Men batting - Pitching for Hamilton Coyotes : RHP Jim Unknown
Batting: SHB Luis Gutiérrez 0-0: Ball
1-0: Fly out, F7 (Flyball, 7)
Batting: RHB Mesa Altuve 0-0: Ball
1-0: SINGLE (Groundball, 34D)
Batting: LHB Jim Unknown 0-0: Ball
Mesa Altuve steals 2nd base
1-0: Called Strike
1-1: Ball
2-1: Called Strike
2-2: Foul Ball, location: 2F
2-2: Ground out 4-3 (Groundball, 4)
Mesa Altuve to third
Batting: RHB Pat Ings 0-0: Called Strike
0-1: Foul Ball, location: 2F
0-2: Strikes out swinging
Top of the 3rd over - 0 run(s), 1 hit(s), 0 error(s), 1 left on base; Florida 0 - Hamilton 3
BOTTOM OF THE 3RD
Hamilton Coyotes batting - Pitching for Florida Men : LHP Ray Neely
Batting: RHB Vincente Fuentes 0-0: Ball
1-0: Called Strike
1-1: Called Strike
1-2: DOUBLE (Groundball, 5L)
Batting: SHB Martín Marrero 0-0: Ball
1-0: Ball
2-0: Fly out, F9 (Flyball, 89D)
Runner from 2nd tags up, SAFE at 3rd, no throw
Batting: LHB Ruben Yim 0-0: Ball
1-0: Called Strike
1-1: Ball
2-1: SINGLE (Groundball, 25) (infield hit)
Vincente Fuentes scores
Batting: LHB Tommy Sullivan 0-0: Ball
1-0: Fly out, F8 (Line Drive, 8LM)
Batting: LHB Manuel Sánchez 0-0: Fly out, F8 (Flyball, 8RM)
Bottom of the 3rd over - 1 run(s), 2 hit(s), 0 error(s), 1 left on base; Florida 0 - Hamilton 4
TOP OF THE 4TH
Florida Men batting - Pitching for Hamilton Coyotes : RHP Jim Unknown
Batting: RHB Israel Sanders 0-0: Ball
1-0: Ball
2-0: Foul Ball, location: 2F
2-1: Ball
3-1: Called Strike
3-2: Foul Ball, location: 2F
3-2: Foul Ball, location: 2F
3-2: Foul Ball, location: 2F
3-2: Base on Balls
Batting: RHB Al Thomas 0-0: SINGLE (Flyball, 89S)
Israel Sanders to second
Batting: LHB Bastyăo Lizardo 0-0: SINGLE (Line Drive, 78S)
Israel Sanders to third
Al Thomas to second
Runner from 3rd tries for Home, SAFE, throw made at trailing runner, OUT at third!
Batting: RHB Gilberto Patino 0-0: Ball
1-0: Foul Ball, location: 2F
1-1: Called Strike
1-2: Strikes out swinging
Batting: RHB Lorenzo Díaz 0-0: Ball
1-0: Ground out U3 (Groundball, 34)
Top of the 4th over - 1 run(s), 2 hit(s), 0 error(s), 1 left on base; Florida 1 - Hamilton 4
BOTTOM OF THE 4TH
Hamilton Coyotes batting - Pitching for Florida Men : LHP Ray Neely
Batting: RHB Jon Erickson 0-0: Ball
1-0: Fly out, F5 (Popup, 5L)
Batting: RHB Henry Mann 0-0: Called Strike
0-1: Called Strike
0-2: Foul Ball, location: 2F
0-2: DOUBLE (Line Drive, 7LS)
Batting: RHB Rodrigo Pagán 0-0: Fly out, F8 (Flyball, 78D)
Batting: RHB Alfredo Cardenas 0-0: Called Strike
0-1: Called Strike
0-2: Ball
1-2: Ball
2-2: Ground out 6-3 (Groundball, 6)
Bottom of the 4th over - 0 run(s), 1 hit(s), 0 error(s), 1 left on base; Florida 1 - Hamilton 4
TOP OF THE 5TH
Florida Men batting - Pitching for Hamilton Coyotes : RHP Jim Unknown
Batting: SHB Luis Gutiérrez 0-0: Ball
1-0: Swinging Strike
1-1: Ground out 4-3 (Groundball, 4)
Batting: RHB Mesa Altuve 0-0: Ground out 5-3 (Groundball, 56S)
Batting: LHB Jim Unknown 0-0: Ball
1-0: SINGLE (Groundball, 34D)
Batting: RHB Pat Ings 0-0: Ground out 5-3 (Groundball, 56S)
Top of the 5th over - 0 run(s), 1 hit(s), 0 error(s), 1 left on base; Florida 1 - Hamilton 4
BOTTOM OF THE 5TH
Hamilton Coyotes batting - Pitching for Florida Men : LHP Ray Neely
Batting: RHB Vincente Fuentes 0-0: Called Strike
0-1: Ball
1-1: Ball
2-1: Ball
3-1: Ground out 4-3 (Groundball, 4MD)
Batting: SHB Martín Marrero 0-0: Called Strike
0-1: Swinging Strike
0-2: Ball
1-2: Ground out U3 (Groundball, 34)
Batting: LHB Ruben Yim 0-0: Foul Ball, location: 2F
0-1: Ball
1-1: Foul Ball, location: 2F
1-2: Foul Ball, location: 2F
1-2: DOUBLE (Flyball, 7)
Pitching: RHP Pompeyo Davalillo
Batting: LHB Tommy Sullivan 0-0: Called Strike
0-1: Ball
1-1: Ball
2-1: Ball
3-1: Called Strike
3-2: Foul Ball, location: 2F
3-2: Foul Ball, location: 2F
3-2: Base on Balls
Batting: LHB Manuel Sánchez 0-0: Called Strike
0-1: Ground out U3 (Groundball, 3)
Bottom of the 5th over - 0 run(s), 1 hit(s), 0 error(s), 2 left on base; Florida 1 - Hamilton 4
TOP OF THE 6TH
Florida Men batting - Pitching for Hamilton Coyotes : RHP Jim Unknown
Batting: RHB Israel Sanders 0-0: Called Strike
0-1: Ball
1-1: Fly out, F6 (Line Drive, 6)
Batting: RHB Al Thomas 0-0: Swinging Strike
0-1: Ball
1-1: Ball
2-1: Ball
3-1: Fly out, F7 (Flyball, 7)
Batting: LHB Bastyăo Lizardo 0-0: Swinging Strike
0-1: Ball
1-1: Ball
2-1: Foul Ball, location: 2F
2-2: Ground out U3 (Groundball, 34)
Top of the 6th over - 0 run(s), 0 hit(s), 0 error(s), 0 left on base; Florida 1 - Hamilton 4
BOTTOM OF THE 6TH
Hamilton Coyotes batting - Pitching for Florida Men : RHP Pompeyo Davalillo
Batting: RHB Jon Erickson 0-0: SINGLE (Groundball, 56D)
Batting: RHB Henry Mann 0-0: Ball
1-0: Ball
2-0: Ball
3-0: Foul Ball, location: 2F
3-1: Swinging Strike
3-2: Base on Balls
Jon Erickson to second
Batting: RHB Rodrigo Pagán 0-0: Sac Bunt - play at first, batter safe!
Jon Erickson to third
Henry Mann to second
Batting: RHB Alfredo Cardenas 0-0: SINGLE (Line Drive, 7S)
Jon Erickson scores
Henry Mann to third
Rodrigo Pagán to second
Throwing error, E7
Henry Mann scores
Rodrigo Pagán to third
Alfredo Cardenas to second
Batting: RHB Vincente Fuentes 0-0: Fly out, F5 (Line Drive, 56D)
Batting: SHB Martín Marrero 0-0: Ball
1-0: Ball
2-0: Called Strike
2-1: Ball
3-1: Foul Ball, location: 2F
3-2: Base on Balls
Batting: LHB Ruben Yim 0-0: Ball
1-0: Called Strike
1-1: SINGLE (Line Drive, 78S)
Rodrigo Pagán scores
Alfredo Cardenas to third
Martín Marrero to second
Runner from 3rd tries for Home, SAFE, no throw
Pitching: RHP Floyd Cotton
Batting: LHB Tommy Sullivan 0-0: Called Strike
0-1: Ball
1-1: Ball
2-1: Fielders Choice at 2nd, 3-6 (Groundball, 34)
Martín Marrero to third
Batting: LHB Manuel Sánchez 0-0: Swinging Strike
0-1: Ball
1-1: Called Strike
1-2: Strikes out swinging
Bottom of the 6th over - 4 run(s), 4 hit(s), 1 error(s), 2 left on base; Florida 1 - Hamilton 8
TOP OF THE 7TH
Florida Men batting - Pitching for Hamilton Coyotes : RHP Jim Unknown
Batting: RHB Gilberto Patino 0-0: Ground out 4-3 (Groundball, 4)
Batting: RHB Lorenzo Díaz 0-0: Ball
1-0: Foul Ball, location: 2F
1-1: Ball
2-1: Ground out 4-3 (Groundball, 4)
Batting: SHB Luis Gutiérrez 0-0: Ground out U3 (Groundball, 3)
Top of the 7th over - 0 run(s), 0 hit(s), 0 error(s), 0 left on base; Florida 1 - Hamilton 8
BOTTOM OF THE 7TH
Hamilton Coyotes batting - Pitching for Florida Men : RHP Floyd Cotton
Batting: RHB Jon Erickson 0-0: Ball
1-0: Ball
2-0: Ball
3-0: Base on Balls
Batting: RHB Henry Mann 0-0: Foul Ball, location: 2F
0-1: Ball
1-1: Foul Ball, location: 2F
1-2: Foul Ball, location: 2F
1-2: Strikes out swinging
Batting: RHB Rodrigo Pagán 0-0: Ball
1-0: Ball
2-0: Called Strike
2-1: Called Strike
2-2: Strikes out looking
Batting: RHB Alfredo Cardenas 0-0: Ball
1-0: Ball
2-0: Called Strike
2-1: Ball
3-1: Called Strike
3-2: Base on Balls
Jon Erickson to second
Batting: RHB Vincente Fuentes 0-0: Ball
1-0: Fly out, F6 (Popup, 6)
Bottom of the 7th over - 0 run(s), 0 hit(s), 0 error(s), 2 left on base; Florida 1 - Hamilton 8
TOP OF THE 8TH
Florida Men batting - Pitching for Hamilton Coyotes : RHP Jim Unknown
Batting: RHB Mesa Altuve 0-0: Foul Ball, location: 2F
0-1: Fly out, F4 (Line Drive, 4)
Batting: LHB Jim Unknown 0-0: Ball
1-0: Ball
2-0: Called Strike
2-1: Ball
3-1: Base on Balls
Batting: RHB Pat Ings 0-0: Ball
1-0: Ball
2-0: Ball
Wild Pitch!
Jim Unknown to second
3-0: Called Strike
3-1: Base on Balls
Batting: RHB Israel Sanders 0-0: Ball
1-0: Called Strike
1-1: Foul Ball, location: 2F
1-2: Foul Ball, location: 2F
1-2: Ball
2-2: Ball
3-2: Grounds into double play, 5-4-3 (Groundball, 56)
Top of the 8th over - 0 run(s), 0 hit(s), 0 error(s), 1 left on base; Florida 1 - Hamilton 8
BOTTOM OF THE 8TH
Hamilton Coyotes batting - Pitching for Florida Men : RHP Floyd Cotton
Batting: SHB Martín Marrero 0-0: Ball
1-0: Foul Ball, location: 2F
1-1: Ball
2-1: Foul Ball, location: 2F
2-2: Foul Ball, location: 2F
2-2: Foul Ball, location: 2F
2-2: Ball
3-2: Fly out, F7 (Flyball, 7S)
Batting: LHB Ruben Yim 0-0: Ball
1-0: Ball
2-0: Ball
3-0: Foul Ball, location: 2F
3-1: Base on Balls
Batting: LHB Tommy Sullivan 0-0: Called Strike
0-1: Ball
Ruben Yim is caught stealing 2nd base
1-1: Foul Ball, location: 2F
1-2: Ground out 3-1 (Groundball, 3D)
Bottom of the 8th over - 0 run(s), 0 hit(s), 0 error(s), 0 left on base; Florida 1 - Hamilton 8
TOP OF THE 9TH
Florida Men batting - Pitching for Hamilton Coyotes : RHP Jim Unknown
Batting: RHB Al Thomas 0-0: Called Strike
0-1: Ground out 5-3 (Groundball, 5D)
Batting: LHB Bastyăo Lizardo 0-0: Ball
1-0: SINGLE (Flyball, 8LS)
Batting: RHB Gilberto Patino 0-0: Ball
1-0: SINGLE (Line Drive, 89S)
Bastyăo Lizardo to second
Batting: RHB Lorenzo Díaz 0-0: Ball
1-0: Foul Ball, location: 2F
1-1: Ball
2-1: Grounds into double play, 4-6-3 (Groundball, 4)
Top of the 9th over - 0 run(s), 2 hit(s), 0 error(s), 1 left on base; Florida 1 - Hamilton 8
Saturday, May 26th, 2018 - OOTP Baseball 17.12 Build 75